 Dungeon Crawl Stone Soup version 0.29.0-13-gc9e81de378 (webtiles) character file.

Game seed: 5818578450544843483

163 Arum the Slasher (level 5, -3/41 HPs)
             Began as a Demonspawn Gladiator on Sept 9, 2022.
             Was an Initiate of Yredelemnul.
             Killed by nerve-wracking pain
             ... invoked by an orc priest
              (4 damage)
             ... on level 4 of the Dungeon.
             The game lasted 00:04:09 (5842 turns).

Arum the Slasher (Demonspawn Gladiator)             Turns: 5842, Time: 00:04:10

Health: -3/41      AC:  8    Str: 14    XL:     5   Next: 20%
Magic:  5/5        EV: 13    Int: 10    God:    Yredelemnul [......]
Gold:   79         SH:  0    Dex: 16    Spells: 4/4 levels left

rFire   . . .      SeeInvis .   a - +0 long sword
rCold   . . .      Faith    .   (no shield)
rNeg    . . .      Spirit   .   b - +0 leather armour
rPois   .          Reflect  .   c - +0 helmet
rElec   .          Harm     .   t - +0 cloak
rCorr   .          Rampage  .   (no gloves)
Will    .....                   (no boots)
Stlth   +.........              (no amulet)
HPRegen 0.13/turn               (no ring)
MPRegen 0.09/turn               (no ring)

@: no status effects
A: molten scales 2, powered by death 1, demonic magic 1
a: Renounce Religion, Recall Undead Harvest


You were on level 4 of the Dungeon.
You worshipped Yredelemnul.
Yredelemnul was noncommittal.
You visited 1 branch of the dungeon, and saw 4 of its levels.

You collected 79 gold pieces.

Inventory:

Hand Weapons
 a - a +0 long sword (weapon)
Missiles
 d - 3 throwing nets (quivered)
 e - 5 javelins
Armour
 b - a +0 leather armour (worn)
 c - a +0 helmet (worn)
 t - a +0 cloak (worn)
Jewellery
 u - an amulet of the acrobat
Scrolls
 g - a scroll of immolation {unknown}
 h - 7 scrolls of identify {unknown}
 k - a scroll of summoning {unknown}
 l - 5 scrolls of teleportation {unknown}
 q - a scroll of blinking {unknown}
 r - a scroll of poison {unknown}
 v - a scroll of vulnerability {unknown}
 w - a scroll of magic mapping {unknown}
Potions
 f - a potion of lignification {unknown}
 i - a potion of curing {unknown}
 j - a potion of resistance {unknown}
 m - a potion of might {unknown}
 n - a potion of brilliance {unknown}
 o - a potion of berserk rage {unknown}
 p - 2 potions of heal wounds {unknown}
 s - a potion of haste {unknown}


   Skills:
 + Level 3.5 Fighting
 + Level 3.8 Long Blades
 - Level 1.7 Throwing
 + Level 3.8 Dodging


You had 4 spell levels left.
You didn't know any spells.
Your spell library contained the following spells:

 Spells                   Type           Power      Damage    Failure   Level
 Ensorcelled Hibernation  Hex/Ice        0%         N/A       58%         2
 Passwall                 Tmut/Erth      0%         N/A       58%         2
 Swiftness                Air            0%         N/A       82%         3


Dungeon Overview and Level Annotations

Branches:
Dungeon (4/15)
 Temple: D:4-7

Altars:
Nemelex Xobeh
Yredelemnul


Innate Abilities, Weirdness & Mutations

You are mostly covered in molten scales. (AC +3)
You regenerate a little health from kills.
Spells you cast may paralyse adjacent enemies.


Message History

You are too injured to fight recklessly!
You are too injured to fight recklessly!
You are too injured to fight recklessly!
You are too injured to fight recklessly!
You are too injured to fight recklessly!
Unknown command.
There are monsters nearby!
You slash the orc priest!
You kill the orc priest!
The dead are walking!
A giant cockroach comes into view.
The orc priest hits your orc priest zombie with a +0 dagger.
You have reached level 5!
Your demonic ancestry asserts itself...
A menacing aura infuses your magic.
Unknown command.
The orc priest hits your orc priest zombie with a +0 dagger.
Your orc priest zombie hits the orc priest.
The orc priest barely misses your orc priest zombie.
Unknown command.
Okay, then.
Unknown command.
Your orc priest zombie closely misses the orc priest.
The orc priest hits your orc priest zombie with a +0 dagger.
The orc priest hits your orc priest zombie with a +0 dagger.
Your orc priest zombie barely misses the orc priest.
The orc priest hits your orc priest zombie with a +0 dagger.
Your orc priest zombie hits the orc priest.
The orc priest casts a cantrip, but nothing happens.
Your orc priest zombie hits the orc priest.
The orc priest hits your orc priest zombie with a +0 dagger.
Your orc priest zombie closely misses the orc priest.
The orc priest mumbles some strange prayers to Beogh against you.
Beogh smites you!
* * * LOW HITPOINT WARNING * * *
You swap places.
The orc priest mumbles some strange prayers to Beogh against you.
Pain shoots through your body!
You die...
Your body rises from the dead as a mindless zombie.

#.........
#$.......
..).....
......
....# ...
#.#
########.#
#..Bo@ZZ.#
#.########
#.# #.#
#.# #.#
#.# #.#


You could see an orc priest (ally target), a giant cockroach, a friendly orc
zombie and a friendly orc priest zombie.

Vanquished Creatures
  An orc priest (D:4)
  4 gnolls
  3 adders
  3 dart slugs
  2 orcs
  4 ball pythons
  3 bats
  6 endoplasms
  A giant cockroach (D:3)
  7 goblins
  5 hobgoblins
  A jackal (D:4)
  4 kobolds
  A quokka (D:4)
  A frilled lizard (D:1)
  5 rats
51 creatures vanquished.

Vanquished Creatures (collateral kills)
  2 ball pythons
  A goblin (D:2)
  A hobgoblin (D:2)
  A bat (D:2)
  A kobold (D:3)
  3 rats
9 creatures vanquished.

Vanquished Creatures (others)
  An adder zombie (D:2)
  3 bat zombies
  A ball python zombie (D:2)
  A goblin zombie (D:2)
  2 hobgoblin zombies (D:2)
  A rat zombie (D:2)
  A plant (D:4)
10 creatures vanquished.

Grand Total: 70 creatures vanquished

Notes
Turn   | Place    | Note
-------+----------+-------------------------------------------
     0 | D:1      | Arum the Demonspawn Gladiator began the quest for the Orb.
     0 | D:1      | Reached XP level 1. HP: 16/16 MP: 1/1
   363 | D:1      | Found a faded altar of an unknown god.
   430 | D:1      | Gained mutation: You are partially covered in molten
                  | scales. (AC +2) [demonic ancestry]
   430 | D:1      | Reached XP level 2. HP: 16/22 MP: 2/2
   526 | D:1      | Prayed at the altar of an unknown god.
   526 | D:1      | Became a worshipper of Yredelemnul the Dark
   526 | D:1      | Reached * piety under Yredelemnul
  1305 | D:2      | Gained mutation: You regenerate a little health from kills.
                  | [demonic ancestry]
  1305 | D:2      | Reached XP level 3. HP: 27/28 MP: 3/3
  2311 | D:1      | Gained mutation: You are mostly covered in molten scales.
                  | (AC +3) [demonic ancestry]
  2311 | D:1      | Reached XP level 4. HP: 4/35 MP: 4/4
  3297 | D:3      | Reached ** piety under Yredelemnul
  3321 | D:3      | Found a sparkling altar of Nemelex Xobeh.
  5834 | D:4      | Gained mutation: Spells you cast may paralyse adjacent
                  | enemies. [demonic ancestry]
  5834 | D:4      | Reached XP level 5. HP: 11/41 MP: 5/5
  5841 | D:4      | HP: 1/41 [orc priest/divine providence (13)]
  5842 | D:4      | Killed from afar by an orc priest

Illustrated notes

Levels and vault maps discovered:
D:1:      minmay_arrival_doors, layout_basic, ebering_ecumenical_altar_petrified
D:2:      layout_basic
D:3:      layout_basic, lemuel_crystal_altar
D:4:      layout_loops_ring, sigmund_edmund_badplayer, uniq_blork_the_orc

Skill      XL: |  1  2  3 |
---------------+----------+-----
Dodging        | 3 |  3.8
Long Blades    | 3 |  3.8
Fighting       | 3 |  3.5
Throwing       | |  1.7

Action                   |  1- 3 |  4- 6 || total
-------------------------+-------+-------++-------
Melee: Long sword        |    92 |    85 ||   177
       Punch             |     1 |       ||     1
 Stab: Sleeping          |       |     1 ||     1
Armor: Leather armour    |    35 |    29 ||    64
Dodge: Dodged            |    62 |    58 ||   120
